Map: Terraform LE (Void)

Players

Bracktimus

  • Race: Terran Terran
  • League: Gold

Javert - Winner!

  • Race: Zerg Zerg
  • League: Platinum

VOD

Have the link to the VOD?

Description

Time

  • Played on: Aug. 11, 2015, 11:13 p.m.
  • Length: 14:35
Show
View Real Time Build Order
Export as new Build Order

Bracktimus Terran 

Build Orders: 1/1/1, Liberator Opening, Mech 

Get SALT Encoding   

  12  0:00  SCV  
  13  0:13  SCV  
  14  0:17  Supply Depot  
  14  0:25  SCV  
  15  0:29  Refinery  
  15  0:43  Barracks  
  15  0:46  SCV  
  16  0:59  SCV  
  17  1:11  SCV  
  18  1:12  Refinery  
  19  1:31  Orbital Command  
  18  1:33  Marine  
  18  1:36  Factory  
  19  1:44  Supply Depot  
  19  1:57  SCV  
  19  1:58  Marine  
  21  2:09  SCV  
  21  2:15  Supply Depot  
  22  2:21  SCV  
  22  2:22  Starport  
  23  2:28  Marine  
  23  2:29  Widow Mine  
  26  2:41  Liberator  
  26  2:46  Marine  
  26  2:49  SCV  
  28  3:03  Armory  
  31  3:10  Marine  
  31  3:11  Widow Mine  
  34  3:25  Command Center  
  34  3:32  Marine  
  34  3:33  SCV  
  36  3:41  Factory Tech Lab  
  36  3:50  Marine  
  36  3:54  SCV  
  38  3:58  Starport Reactor  
  38  4:08  Factory, Marine  
  39  4:15  Supply Depot  
  39  4:36  SCV, Siege Tank  
  39  4:37  Supply Depot  
  39  4:38  Terran Vehicle Weapons Level 1  
  43  4:41  Supply Depot  
  43  4:48  SCV  
  43  4:52  Viking  
  46  4:55  Refinery  
  46  4:56  Refinery  
  46  4:58  Factory Reactor  
  46  5:00  SCV  
  48  5:07  Orbital Command  
  44  5:17  Supply Depot  
  44  5:37  Viking  
  44  5:38  Viking  
  44  5:41  SCV x2  
  50  5:52  Siege Tank  
  50  5:53  SCV x2  
  55  5:58  Supply Depot  
  55  6:01  Hellbat x2  
  59  6:05  SCV  
  60  6:24  Siege Tank  
  63  6:26  SCV x2  
  65  6:33  Command Center  
  65  6:34  Supply Depot  
  65  6:36  Supply Depot  
  65  6:37  Terran Vehicle Weapons Level 2  
  65  6:45  Hellbat x2  
  69  6:48  Infernal Pre-Igniter  
  69  7:09  Hellbat  
  69  7:12  Command Center, Hellbat  
  73  7:20  SCV x2  
  75  7:29  Siege Tank  
  78  7:32  SCV x2  
  78  7:36  Factory  
  80  7:42  Hellbat x2  
  84  7:46  Liberator  
  84  7:47  Engineering Bay, Liberator  
  84  7:57  SCV x2  
  87  7:58  Orbital Command  
  90  8:14  Missile Turret  
  90  8:17  Missile Turret  
  90  8:18  Missile Turret  
  90  8:21  Missile Turret  
  90  8:22  Factory Reactor, Widow Mine x2  
  94  8:29  Thor  
  100  8:37  Missile Turret  
  100  8:40  Supply Depot  
  100  8:43  Armory  
  100  8:46  Hi-Sec Auto Tracking  
  100  9:03  SCV  
  100  9:04  SCV x2  
  99  9:20  Factory  
  99  9:23  Terran Vehicle And Ship Armor Level 1  
  99  9:24  Thor  
  103  9:49  Liberator x2  
  107  10:08  Factory Tech Lab  
  107  10:09  Thor  
  107  10:10  Terran Vehicle Weapons Level 3  
  113  10:29  Refinery  
  113  10:39  Siege Tank  
  113  10:40  Hellbat x2  
  113  10:41  Hellbat x2  
  121  10:53  Siege Tank  
  72  11:31  Siege Tank x2  
  72  11:32  Hellbat x2  
  72  11:34  Liberator x2  
  72  11:39  Orbital Command  
  76  12:00  SCV x3  
  68  12:12  SCV  
  69  12:18  Thor  
  66  12:25  Orbital Command  
  66  12:32  Thor  
  72  12:42  SCV x2  
  74  12:54  SCV  
  75  13:01  Thor  
  81  13:09  Liberator x2  
  81  13:14  SCV x2  
  81  13:15  SCV  
  84  13:26  SCV  
  84  13:27  SCV x2  
  93  13:30  Siege Tank  
  93  13:31  Hellbat  
  93  13:32  Hellbat  
  93  13:33  Hellbat x2  
  104  13:38  SCV  
  104  13:39  SCV  
  101  13:49  SCV  
  101  13:51  SCV x2  
Show
View Real Time Build Order
Export as new Build Order

Javert Zerg - Winner!

Build Orders: Hatch First, Muta Ling Bane 

Get SALT Encoding   

  12  0:01  Drone  
  13  0:13  Overlord  
  13  0:18  Drone  
  14  0:32  Drone x2  
  16  0:36  Drone  
  17  0:56  Drone  
  18  0:57  Hatchery  
  18  1:00  Extractor  
  18  1:02  Drone  
  17  1:08  Drone  
  18  1:20  Spawning Pool  
  18  1:25  Drone  
  18  1:30  Drone  
  19  1:43  Drone  
  20  1:56  Drone  
  21  2:03  Overlord  
  21  2:07  Metabolic Boost  
  21  2:09  Queen x2  
  21  2:15  Zergling x4  
  27  2:23  Overlord  
  27  2:27  Drone  
  28  2:33  Drone  
  29  2:40  Drone  
  30  2:50  Drone  
  30  2:51  Drone  
  32  3:01  Drone x2  
  32  3:04  Baneling Nest  
  32  3:05  Drone  
  35  3:20  Drone x6  
  35  3:24  Lair  
  40  3:35  Overlord  
  40  3:38  Spore Crawler  
  39  3:44  Overlord  
  39  3:47  Extractor x2  
  39  3:48  Extractor  
  36  3:49  Drone x5  
  41  4:00  Drone x2  
  41  4:01  Drone x6  
  49  4:06  Overlord  
  49  4:12  Burrow  
  49  4:13  Overlord  
  47  4:23  Drone  
  47  4:24  Drone  
  43  4:33  Spore Crawler  
  43  4:34  Spore Crawler  
  43  4:37  Spore Crawler  
  40  4:39  Roach Warren  
  40  4:42  Overlord  
  40  4:43  Drone x3  
  42  4:51  Drone x4  
  42  4:52  Drone  
  46  5:09  Overlord  
  46  5:12  Spire  
  41  5:14  Drone  
  41  5:15  Drone x4  
  41  5:16  Drone  
  47  5:28  Centrifical Hooks  
  47  5:40  Zergling x2  
  47  5:41  Zergling x4  
  50  5:46  Evolution Chamber  
  50  5:47  Zergling x4  
  50  5:48  Zergling x4  
  53  5:53  Hatchery  
  52  6:03  Spire  
  51  6:09  Baneling x4  
  51  6:10  Baneling x2  
  51  6:11  Drone x5  
  53  6:12  Drone x3  
  59  6:19  Zerg Ground Armor Level 1  
  59  6:35  Mutalisk x4  
  68  6:46  Overlord  
  68  6:50  Overlord  
  68  6:56  Overlord  
  68  7:04  Overlord  
  68  7:06  Overlord x2, Mutalisk  
  68  7:07  Mutalisk x2  
  74  7:11  Drone x3  
  74  7:15  Queen  
  77  7:16  Overlord x2  
  79  7:29  Mutalisk x2  
  81  7:32  Extractor  
  81  7:33  Extractor  
  81  7:38  Zergling x6  
  81  7:39  Zergling x8  
  88  7:49  Zergling x10  
  88  7:50  Zergling x2  
  94  7:54  Zerg Flyer Weapons Level 1  
  94  7:59  Drone x3  
  97  8:13  Mutalisk x4, Zerg Melee Weapons Level 1  
  105  8:21  Overseer x2  
  105  8:24  Drone  
  105  8:25  Drone x8  
  114  8:33  Overlord x2  
  114  8:34  Spine Crawler  
  114  8:35  Drone  
  114  8:42  Infestation Pit  
  109  8:58  Evolution Chamber  
  109  9:01  Hydralisk Den  
  109  9:02  Mutalisk x5  
  114  9:05  Drone x3  
  114  9:06  Drone x3  
  122  9:14  Overlord  
  116  9:17  Spine Crawler  
  116  9:21  Spine Crawler  
  114  9:28  Drone  
  114  9:29  Drone x5  
  114  9:31  Overlord  
  120  9:35  Muscular Augments  
  120  9:37  Zerg Missile Weapons Level 1  
  120  9:52  Hydralisk x7  
  124  10:07  Zerg Ground Armor Level 2  
  124  10:10  Overlord  
  124  10:11  Glial Reconstitution  
  124  10:13  Hatchery  
  123  10:18  Queen  
  125  10:23  Hydralisk x6  
  137  10:32  Overlord  
  137  10:34  Overlord x3  
  137  10:36  Extractor  
  137  10:39  Extractor  
  137  10:41  Overlord  
  135  10:43  Baneling x6  
  133  10:51  Hydralisk x6  
  124  11:04  Zergling x2  
  124  11:05  Zergling x16  
  95  11:26  Drone  
  95  11:27  Drone x6  
  92  11:35  Drone  
  92  11:36  Drone x2  
  92  11:38  Queen x2  
  99  11:54  Hydralisk x9  
  93  12:15  Roach  
  93  12:16  Roach x8  
  93  12:21  Overlord  
  93  12:22  Overlord  
  109  12:35  Overlord  
  109  12:40  Roach x5  
  119  12:54  Pneumatized Carapace  
  119  12:56  Overseer x3  
  117  13:06  Mutalisk x5  
  127  13:13  Overlord x2  
  125  13:26  Drone x7  
  125  13:27  Drone  
  133  13:31  Roach  
  133  13:46  Overlord x2  
  117  14:07  Drone x3  
Tags
 
Add a new tag
Caveats
  • Supply blocks, unpowered buildings, or Contaminate may cause inaccurate times.
  • Supply counts are checked every 10 seconds.